 Dungeon Crawl Stone Soup version 0.29-a0-330-g52719c12eb (webtiles) character file.

Game seed: 10680450430968865840

1692 Leszczynek the Skirmisher (level 9, -25/69 HPs)
             Began as a Human Gladiator on Apr 20, 2022.
             Was a Priest of Uskayaw.
             Annihilated by a two-headed ogre
             ... wielding a +0 giant spiked club
              (41 damage)
             ... on level 7 of the Dungeon.
             The game lasted 00:24:06 (3368 turns).

Leszczynek the Skirmisher (Human Gladiator)         Turns: 3368, Time: 00:24:06

Health: -25/69     AC:  2    Str: 20    XL:     9   Next: 22%
Magic:  9/12       EV: 23    Int: 12    God:    Uskayaw [***...]
Gold:   12         SH:  0    Dex: 23    Spells: 6/9 levels left

rFire   . . .      SeeInvis .     - Unarmed
rCold   + . .      Faith    .   (shield currently unavailable)
rNeg    . . .      Spirit   .   (body armour currently unavailable)
rPois   x          Reflect  .   (helmet currently unavailable)
rElec   .          Harm     .   (cloak currently unavailable)
rCorr   .          Rampage  .   (gloves currently unavailable)
Will    .....                   (boots currently unavailable)
Stlth   +++.......              D - amulet of regeneration
HPRegen 1.01/turn               t - ring of protection from cold
MPRegen 0.13/turn               u - +6 ring of strength

@: spider-form (expiring)
A: venomous fangs, tiny, thin skeletal structure 1, screaming 1
a: End Transformation, Renounce Religion, Stomp, Line Pass


You were on level 7 of the Dungeon.
You worshipped Uskayaw.
Uskayaw was noncommittal.
You were a venomous arachnid creature.
You visited 2 branches of the dungeon, and saw 9 of its levels.

You collected 402 gold pieces.
You spent 390 gold pieces at shops.

Inventory:

Hand Weapons
 a - a +3 quarterstaff (melded)
 x - a +0 battleaxe
 y - a +5 scimitar
Missiles
 i - 5 javelins
 n - 4 boomerangs (quivered)
Armour
 b - a +0 leather armour
 c - a +1 helmet (melded)
 h - a +0 ring mail
 A - a +0 robe (melded)
Jewellery
 t - a ring of protection from cold (left front leg)
 u - a +6 ring of strength (right front leg)
 D - an amulet of regeneration (around neck)
Wands
 d - a wand of flame (19)
 v - a wand of paralysis (11)
Scrolls
 g - a scroll of acquirement {unknown}
 k - a scroll of magic mapping
 m - a scroll of amnesia {unknown}
 r - a scroll of silence {!r}
 s - 2 scrolls of vulnerability {!r}
 z - 3 scrolls of teleportation {unknown}
 B - a scroll of enchant armour
 C - a scroll of immolation {unknown}
Potions
 e - 3 potions of attraction {unknown}
 f - 2 potions of heal wounds {@q2}
 j - 3 potions of mutation {!q}
 o - a potion of resistance
 p - a potion of invisibility {unknown}
 q - a potion of curing {@q1}


   Skills:
 - Level 6.1 Fighting
 - Level 3.3 Staves
 - Level 2.0 Throwing
 - Level 4.5 Dodging
 * Level 1.8 Unarmed Combat
 + Level 0.8 Spellcasting
 * Level 4.5 Transmutations
 + Level 4.3 Poison Magic
 - Level 4.5 Invocations
 - Level 2.2 Evocations


You had 6 spell levels left.
You knew the following spells:

 Your Spells              Type           Power      Damage    Failure   Level
a - Spider Form           Tmut/Pois      11%        N/A       34%         3

Your spell library contained the following spells:

 Spells                   Type           Power      Damage    Failure   Level
 Passwall                 Tmut/Erth      4%         N/A       38%         2
 Sandblast                Erth           0%         2d4       52%         1
 Ensorcelled Hibernation  Hex/Ice        0%         N/A       65%         2
 Dazzling Flash           Conj/Hex       0%         N/A       85%         3
 Stone Arrow              Conj/Erth      0%         3d7       85%         3
 Anguish                  Hex/Necr       0%         N/A       99%         4
 Agony                    Necr           0%         N/A       100%        5
 Silence                  Hex/Air        0%         N/A       100%        5


Dungeon Overview and Level Annotations

Branches:
Dungeon (8/15)             Temple (1/1) D:5
   Lair: D:8-11

Altars:
Cheibriados
Dithmenos
Elyvilon
Fedhas
Gozag
Hepliaklqana
Kikubaaqudgha
Makhleb
Nemelex Xobeh
Qazlal
Sif Muna
Trog
Uskayaw
Vehumet
Xom
Yredelemnul
Zin

Shops:
D:2 :   D:4 =

Annotations:
D:3 Grinder


Innate Abilities, Weirdness & Mutations

You are a venomous arachnid creature.
You have poisonous fangs.
You are tiny and dextrous.
Your spellcasting is less reliable in this form.
Your armour is entirely melded.
You are incapable of wielding weapons or throwing items.
You have a somewhat thin skeletal structure. (Dex +2, Stealth+)
You occasionally shout uncontrollably at your foes.


Message History

The orc wizard hits you but does no damage.
You hit the orc wizard.
The orc wizard is almost dead.
The orc wizard misses you. The two-headed ogre barely misses you.
The two-headed ogre hits you with a +0 giant spiked club!
The orc wizard hits you but does no damage.
The orc wizard hits you with a +0 short sword of flaming.
The orc wizard burns you.
Casting: Spider Form (dangerous; 16% risk of failure)
Confirm with . or Enter, or press ? or * to list all spells.
You turn into a venomous arachnid creature.
Your +3 quarterstaff melds into your body.
Your +1 helmet melds into your body.
Your +0 robe melds into your body.
The orc wizard gestures wildly while chanting.
The orc wizard flickers and vanishes!
Deactivating autopickup; reactivate with Ctrl-A.
You hit the two-headed ogre.
The two-headed ogre is poisoned.
The two-headed ogre is lightly wounded.
Your transformation is almost over.
The two-headed ogre hits you with a +0 giant spiked club! x2
You hit the two-headed ogre.
The two-headed ogre is moderately wounded.
The two-headed ogre misses you.
The two-headed ogre hits you with a +0 giant spiked club!
* * * LOW HITPOINT WARNING * * *
Uskayaw will force your foes to helplessly watch your dance.
Uskayaw prepares the audience for your solo!
Unknown command.
Unknown command.
The helpless two-headed ogre fails to defend itself.
You hit the two-headed ogre but do no damage.
The two-headed ogre looks as sick as possible!
The two-headed ogre is moderately wounded.
The two-headed ogre is no longer paralysed.
You hit the two-headed ogre but do no damage.
The two-headed ogre looks as sick as possible!
The two-headed ogre is moderately wounded.
The two-headed ogre hits you with a +0 giant spiked club!!!
Ouch! That really hurt!
You die...

...#.##........##..######
.....................#
#....##.#.#.####.#......
#..........<# #.###.### +
#....##.#...####.###.#
#..#....##.#............#
#..#....##.#)...........#
##.......##....##O†...##.#
#...............s.....# #
...................<..##.
#..##.#.##....#...........
#..#.#.##...............#
#.....##....#..###.##..# #
##.........>............ .
#....##....#..##..##..#
#####..........#..##..##..#
...#'....##....#..........#


You could see a two-headed ogre (extremely poisoned).

Vanquished Creatures
  2 water moccasins
  3 sky beasts
  An ogre (D:7)
  A phantom (D:5)
  2 necrophages (D:5)
  5 wights (D:6)
  2 howler monkeys
  2 bullfrog zombies (D:5)
  3 jellies
  3 hounds
  A gnoll shaman (D:7)
  4 iguanas
  Natasha (D:3)
  2 orc wizards (D:6)
  4 gnolls (D:6)
  3 adders
  A white imp (D:6)
  An ufetubus (D:5)
  2 dart slugs
  5 orcs
  5 ball pythons
  6 endoplasms
  4 giant cockroaches
  3 goblins
  6 hobgoblins
  11 jackals
  2 quokkas
  2 bats (D:1)
  A frilled lizard (D:1)
  3 kobolds (D:1)
  9 rats
100 creatures vanquished.

Notes
Turn   | Place    | Note
-------+----------+-------------------------------------------
     0 | D:1      | Leszczynek the Human Gladiator began the quest for the Orb.
     0 | D:1      | Reached XP level 1. HP: 16/16 MP: 1/1
    66 | D:1      | Reached XP level 2. HP: 10/23 MP: 2/2
   206 | D:1      | Reached XP level 3. HP: 10/28 MP: 3/3
   240 | D:1      | Reached skill level 3 in Fighting
   605 | D:3      | Noticed Grinder
   881 | D:2      | Reached XP level 4. HP: 35/35 MP: 4/4
   908 | D:2      | Found Lydeg's Book Emporium.
   991 | D:3      | Noticed Natasha
  1014 | D:3      | Killed Natasha
  1102 | D:4      | Found an opulent altar of Gozag.
  1122 | D:4      | Found a blossoming altar of Fedhas.
  1133 | D:4      | Reached skill level 4 in Fighting
  1133 | D:4      | Reached XP level 5. HP: 33/42 MP: 3/5
  1187 | D:5      | Entered Level 5 of the Dungeon
  1202 | D:5      | Reached skill level 4 in Dodging
  1239 | D:5      | Gained mutation: You have a somewhat thin skeletal
                  | structure. (Dex +2, Stealth+) [potion of mutation]
  1239 | D:5      | Gained mutation: You occasionally shout uncontrollably at
                  | your foes. [potion of mutation]
  1251 | D:5      | HP: 8/40 [bullfrog zombie (2)]
  1253 | D:5      | Reached skill level 5 in Fighting
  1253 | D:5      | Reached XP level 6. HP: 7/51 MP: 2/6
  1281 | D:5      | Found a basalt altar of Yredelemnul.
  1347 | D:4      | Noticed a +0 short sword
  1347 | D:4      | Noticed a +0 short sword
  1348 | D:4      | Noticed a +0 dagger
  1349 | D:4      | Noticed a +0 spear
  1349 | D:4      | Noticed a +0 dagger
  1349 | D:4      | Noticed a +0 spear
  1349 | D:4      | Noticed a +0 falchion
  1351 | D:4      | Found a hide-covered altar of Uskayaw.
  1351 | D:4      | Noticed a +0 falchion
  1367 | D:4      | Became a worshipper of Uskayaw the Reveller
  1424 | D:4      | Reached * piety under Uskayaw
  1497 | D:5      | Reached ** piety under Uskayaw
  1503 | D:5      | Reached skill level 1 in Evocations
  1503 | D:5      | Reached XP level 7. HP: 53/57 MP: 4/7
  1523 | D:5      | Noticed a water moccasin
  1540 | D:5      | Killed a water moccasin
  1541 | D:5      | Reached skill level 6 in Fighting
  1541 | D:5      | Reached skill level 1 in Invocations
  1626 | D:5      | Reached skill level 2 in Invocations
  1667 | D:4      | Found Teomum's Jewellery Shoppe.
  1705 | D:4      | Found a shimmering blue altar of Sif Muna.
  1720 | D:4      | You fall into a shaft and drop 1 floor!
  1775 | D:4      | Found a sparkling altar of Nemelex Xobeh.
  1928 | D:5      | Reached skill level 3 in Invocations
  1928 | D:5      | Reached skill level 2 in Evocations
  1978 | D:6      | Reached XP level 8. HP: 44/64 MP: 3/10
  2022 | D:5      | Reached skill level 1 in Transmutations
  2022 | D:5      | Reached skill level 1 in Poison Magic
  2057 | D:5      | Found a staircase to the Ecumenical Temple.
  2091 | Temple   | Entered the Ecumenical Temple
  2210 | D:6      | Reached skill level 2 in Transmutations
  2210 | D:6      | Reached skill level 2 in Poison Magic
  2331 | D:6      | Reached skill level 4 in Invocations
  2341 | D:6      | Found a glowing silver altar of Zin.
  2361 | D:6      | HP: 11/61 [wight/+4 long sword (5)]
  2366 | D:6      | Reached skill level 3 in Transmutations
  2366 | D:6      | Reached skill level 3 in Poison Magic
  2373 | D:6      | wait, why do i have so much str and dex
  2482 | D:6      | the hell
  2482 | D:6      | ah, okay, mutation and ring
  2482 | D:6      | and another 2 dex comes from what?
  2482 | D:6      | i don't know
  2492 | D:6      | >+5 scimitar
  2598 | D:6      | Learned a level 3 spell: Spider Form
  2649 | D:7      | Noticed a vampire
  2741 | D:6      | Reached XP level 9. HP: 34/69 MP: 10/12
  2764 | D:7      | again? :/
  2824 | D:7      | Reached skill level 4 in Transmutations
  2824 | D:7      | Reached skill level 4 in Poison Magic
  2858 | D:7      | Found a hide-covered altar of Uskayaw.
  2858 | D:7      | Found a burning altar of Makhleb.
  2859 | D:7      | Noticed a slime creature
  2907 | D:7      | Reached skill level 1 in Unarmed Combat
  2922 | D:7      | Found a hazy altar of Hepliaklqana.
  2923 | D:7      | Found a hide-covered altar of Uskayaw.
  2973 | D:7      | Noticed a cyclops
  2973 | D:7      | Noticed a deep elf pyromancer
  2973 | D:7      | Noticed a gargoyle
  2973 | D:7      | Noticed a two-headed ogre
  2974 | D:7      | Noticed a slime creature
  2974 | D:7      | ooooooooops
  2974 | D:7      | XD
  2995 | D:6      | n o p e
  3274 | D:4      | Bought an amulet of regeneration for 390 gold pieces
  3366 | D:7      | Reached *** piety under Uskayaw
  3368 | D:7      | Ouch! That really hurt!
  3368 | D:7      | Annihilated by a two-headed ogre

Illustrated notes ...........####...............## ###.......z.l.).#######.....### ###....######.# ##....# #.#### #.# ##.#.# #. ##.## #...†..# #.########.[.#####.##...# ........................# #.......##...>####.###..# ##### ##.@<.###.# #..# #........# ..# #....##### ..# ###.## #... ##### Turn 2373 on D:6: wait, why do i have so much str and dex .$####.####.# #.#######).<..... #...........####...............# ####.........).).#######.....### ###....######.# ##....# #.#### #.# ##.#.# #. ##.## #...†..# #.########.[.#####.##...# ........................# #.......##@..>####.###..# ##### ##..<.###.# #..# #........# ..# #....##### ..# ###.## #... ##### Turn 2482 on D:6: the hell #.... #.. #.# #..... #z# #.# .... #.# #.# .$####.####.# #.###### #......z....####....... ####.........).).###### ###....######.# #.#### #.# #@# ##.## # #####.########.[.##### #..................... #.###.......##...>#### ###########..<.### #....... #....### ###.## #... Turn 2492 on D:6: >+5 scimitar #.. ...yy.## ... ...... .... .....# . .....#..#.###.. .....#......... ............. ### .........># .... ....#..#######.#.. ........@.......... .....#..........#.. ................... ...#.##........##. ................... ...##.#.#.####.#... ........<# # #. .##.#...# #.#.... Turn 2764 on D:7: again?

:/ #.. . .......# ...
.......# .... ......#
..... #. .....## . .....
#..#+# #.... ... .....
#..#.#####...#####....
.....
#..#..................
....
###.............@.......
.....
.......#####..###'###...
..... ###..#.####..## .#
..... ............## ..
...#. ...#...###.## C##
....... .......# #.# e#
#....## ##.#...# #.# ..
#...... .......###.+ #J
+ #....## ...#.....#.#
#..#....##


Turn 2974 on D:7: ooooooooops .....# ##†### ...# #### # .####.####.#
.......@...# ####..###### #. ###### # ...... .. ##### #.# ..# # #.# ..# # #.#
..# # #.# ..# Turn 2995 on D:6: n o p e

Levels and vault maps discovered:
D:1:      ebering_trefoil_twist, layout_rooms
D:2:      layout_basic, serial_shops, nicolae_shop_statue_plus
D:3:      layout_basic, ebering_ecumenical_altar_petrified,
          kennysheep_generic_room_6, uniq_robin, uniq_grinder, uniq_natasha
D:4:      layout_loops_ring, old_standard_altar, nemelex_dance_club_becter,
          nicolae_gozag_cash_rules_everything_around_me,
          mainiacjoe_overflow_catwalk, nicolae_uskayaw_en_pointe, serial_shops,
          nicolae_diamond_shop, grunt_decor_arrowhead
D:5:      layout_basic, lemuel_zombie_altar_yredelemnul,
          minmay_temple_entry_offerings
D:6:      layout_loops_ring, old_standard_altar
D:7:      minmay_the_grid_octo_triangle [minmay_the_grid_octo_toaster,
          minmay_the_grid_octo_prize_square_snowflake,
          minmay_the_grid_octo_shrine], layout_basic,
          mainiacjoe_overflow_alcove_4
D:8:      layout_basic, tso_oasis_becter, due_lair_maze_entry_diamond,
          kennysheep_big_empty_room
Temple:   jpeg_temple_alley_garden

Skill      XL: |  1  2  3  4  5  6  7  8  9 |
---------------+----------------------------+-----
Fighting       | 3 4 5 6 |  6.1
Dodging        | 4 |  4.5
Evocations     | 1 2 |  2.2
Invocations    | 3 4 |  4.5
Transmutations | 3 4 |  4.5
Poison Magic   | 3 4 |  4.3
Unarmed Combat | 1 |  1.8
Staves         | |  3.3
Throwing       | |  2.0
Spellcasting   | |  0.8

Action                   |  1- 3 |  4- 6 |  7- 9 || total
-------------------------+-------+-------+-------++-------
Melee: Quarterstaff      |    81 |    91 |   128 ||   300
       Unarmed           |       |       |     4 ||     4
Throw: Throwing net      |     1 |     2 |       ||     3
       Javelin           |     1 |       |     1 ||     2
       Boomerang         |       |       |    30 ||    30
 Cast: Spider Form       |       |       |     1 ||     1
Invok: Stomp             |       |       |    25 ||    25
Evoke: Wand              |       |     2 |     7 ||     9
  Use: Scroll            |     2 |     6 |     1 ||     9
       Potion            |       |     4 |     2 ||     6
 Stab: Held in net/web   |       |     1 |       ||     1
       Sleeping          |       |     1 |     1 ||     2
       Paralysed         |       |       |     3 ||     3
Armor: Leather armour    |     4 |       |       ||     4
       Ring mail         |    17 |    45 |    41 ||   103
       Robe              |       |       |     3 ||     3
Dodge: Dodged            |    46 |    62 |    86 ||   194

Table legend: (Time is in decaauts)
 A = Elapsed time spent in this place.
 B = Non-inter-level travel time spent in this place.
 C = Inter-level travel time spent in this place.
 D = Time resting spent in this place.
 E = Time spent auto-exploring this place.
 F = Levels seen in this place.
 G = Mean time per level.
                   A        B        C        D        E       F      G
               +--------+--------+--------+--------+--------+-----+--------+
         Total |   3497 |   3061 |    436 |      0 |      0 |   9 |  388.6 |
       Dungeon |   3418 |   3018 |    400 |      0 |      0 |   8 |  427.2 |
        Temple |     78 |     42 |     36 |      0 |      0 |   1 |   78.0 |
               +--------+--------+--------+--------+--------+-----+--------+

Top non-repeatable levels by time:
     D:6: 782 daAuts
     D:5: 624 daAuts
     D:4: 499 daAuts
     D:2: 488 daAuts
     D:1: 481 daAuts
     D:7: 340 daAuts
     D:3: 142 daAuts
  Temple: 78 daAuts
     D:8: 59 daAuts
